Workbook
Name \I: #REF!
Name \I2: #REF!
Name \I3: #REF!
Name \I4: #REF!
Name \I5: #REF!
Name \I6: #REF!
Name \I7: #REF!
Name \I8: #REF!
Name \I8a: #REF!
Name \I9: #REF!
Name _1_5: #REF!
Name BACKA: #REF!
Name BACKB: #REF!
Name BACKC: #REF!
Name BACKD: #REF!
Name BLOCK: #REF!
Name i: #REF!
Name repor1: #REF!
Name REPORT: #REF!

Sheet Comparison
A1: =CONCATENATE('7895NTP-AD-C'!A5," COST REPORT") -> FY 2012-13 COST REPORT
A2: COMPARISON OF FUNDING AND UNIT INFORMATION
A3: FOR NARCOTIC TREATMENT PROGRAMS (PERINATAL)
A5: COUNTY: | B5: =(IF(ISBLANK('7990NTP-AD'!B1),"",'7990NTP-AD'!B1))
A6: PROVIDER NAME: | B6: =(IF(ISBLANK('7990NTP-AD'!B2),"",'7990NTP-AD'!B2))
A7: PROVIDER DMC NUMBER: | B7: =(IF(ISBLANK('7990NTP-AD'!B3),"",'7990NTP-AD'!B3))
A8: PROVIDER CADDS NUMBER: | B8: =(IF(ISBLANK('7990NTP-AD'!B4),"",'7990NTP-AD'!B4))
A10: Item for Review | B10: Form 7895 | C10: Form 7990 | D10: Fiscal Detail Pages
A11: Non DMC FUNDING AND UNIT INFORMATION
A12: Non DMC Total Costs | B12: ='7895NTP-AD-C'!G28 -> 0
A13: Non DMC Methadone Doses | B13: ='7895NTP-AD-C'!G36 -> 0
A14: Non DMC Individual Counseling | B14: ='7895NTP-AD-C'!G38 -> 0
A15: Non DMC Group Counseling | B15: ='7895NTP-AD-C'!G39 -> 0
A16: DMC FUNDING AND UNIT INFORMATION
A17: DMC Total Costs | B17: ='7895NTP-AD-C'!F28 -> 0
A18: Funding Line: 40 Program Code 97 Regular DMC Total Federal Share | C18: ='7990NTP-AD'!D48 -> 0
A19: (a) Funding Line: (various) Program Code 97 county match funds- Title XIX | C19: ='7990NTP-AD'!E28+'7990NTP-AD'!E29+'7990NTP-AD'!E30-'7990NTP-AD'!E44-'7990NTP-AD'!E46 -> 0
A20: (b)Funding Line: (various) Program Code 92 county match funds- non- Title XIX (Minor Consent) | C20: ='7990NTP-AD'!E36+'7990NTP-AD'!E37+'7990NTP-AD'!E38-'7990NTP-AD'!E45-'7990NTP-AD'!E47 -> 0
A21: Total county match funds (a+b) | C21: =C19+C20 -> 0
A22: Fees (Share of Costs)—Line 84 | B22: ='7895NTP-AD-C'!F30 -> 0 | C22: ='7990NTP-AD'!C44+'7990NTP-AD'!C45 -> 0
A23: Insurance - Line 85 | B23: ='7895NTP-AD-C'!F31 -> 0 | C23: ='7990NTP-AD'!C46+'7990NTP-AD'!C47 -> 0
A24: DMC Methadone Doses | B24: ='7895NTP-AD-C'!F36 -> 0 | C24: ='7990NTP-AD'!E15 -> 0
A25: DMC Individual Counseling Units | B25: ='7895NTP-AD-C'!F38 -> 0 | C25: ='7990NTP-AD'!E16 -> 0
A26: DMC Group Counseling Units | B26: ='7895NTP-AD-C'!F39 -> 0 | C26: ='7990NTP-AD'!E17 -> 0
A27: DMC County Admin. (Required) | B27: ='7895NTP-AD-C'!F27 -> 0 | C27: ='7990NTP-AD'!C24 -> 0
A28: PROVIDER RATE INFORMATION
A29: Service | C29: Standard Rate* | D29: Form 7990
A30: Daily Dose—Methadone | C30: 11.86 | D30: 11.863
A31: Individual Counseling @ 10 min. | C31: 18.53 | D31: 18.53
A32: Group Counseling @ 10 min. | C32: 6.19 | D32: 6.19
A34: * Standard rate for provider reimbursement is the Uniform Statewide Maximum Reimbursement (USMR) rate, less the Administrative Costs incorporated in the USMR rate.

Sheet 7895NTP-AD-C
A1: DEPARTMENT OF HEALTH CARE SERVICES
A2: DRUG MEDI-CAL FISCAL DETAIL
A3: NARCOTIC TREATMENT PROGRAM (PERINATAL)
A4: REPORT OF EXPENDITURES AND REVENUES
A5: FY 2012-13
D7: This form must be completed to provide adequate cost data (refer to 42 CFR 413.24 and 45 CFR 96.30).
D8: The detail of the service provider's costs must be identified on this form in the appropriate cost categories provided below.
A10: COUNTY | B10: =IF(ISBLANK('7990NTP-AD'!B1),"",'7990NTP-AD'!B1)
A11: CONTRACTOR | B11: =IF(ISBLANK('7990NTP-AD'!B2),"",'7990NTP-AD'!B2) | E11: MEDI-CAL PROV. NO. | G11: =IF(ISBLANK('7990NTP-AD'!B3),"",'7990NTP-AD'!B3)
A12: CONTRACT PERIOD | E12: CADDS PROVIDER NO. | G12: =IF(ISBLANK('7990NTP-AD'!B3),"",'7990NTP-AD'!B3)
A14: SUMMARY
C16: A | D16: B | E16: C | F16: D | G16: E | H16: F | I16: G
E17: MAINTENANCE
C18: TOTAL | E18: PRIVATE | G18: Non DMC / PUBLIC | H18: TOTAL MC/ | I18: TOTAL
A19: CATEGORIES | C19: PROGRAM | D19: DETOX | E19: PAY | F19: MEDI-CAL | G19: FUNDED | H19: Non DMC / PUBLIC | I19: MAINTENANCE
A20: A. PERSONNEL SERVICES | C20: =SUM(D20+I20) -> 0 | D20: =D50 -> 0 | E20: =E50 -> 0 | F20: =F50 -> 0 | G20: =G50 -> 0 | H20: =SUM(F20+G20) -> 0 | I20: =SUM(E20+H20) -> 0
A21: B. DIRECT SERVICES | C21: =SUM(D21+I21) -> 0 | D21: =D59 -> 0 | E21: =E59 -> 0 | F21: =F59 -> 0 | G21: =G59 -> 0 | H21: =SUM(F21+G21) -> 0 | I21: =SUM(E21+H21) -> 0
A22: C. EQUIPMENT MATERIALS & SUPPLIES | C22: =SUM(D22+I22) -> 0 | D22: =D71 -> 0 | E22: =E71 -> 0 | F22: =F71 -> 0 | G22: =G71 -> 0 | H22: =SUM(F22+G22) -> 0 | I22: =SUM(E22+H22) -> 0
A23: D. OTHER OPERATING EXPENSES | C23: =SUM(D23+I23) -> 0 | D23: =D90 -> 0 | E23: =E90 -> 0 | F23: =F90 -> 0 | G23: =G90 -> 0 | H23: =SUM(F23+G23) -> 0 | I23: =SUM(E23+H23) -> 0
A24: E. PROFESSIONAL & SPECIAL SERVICES | C24: =SUM(D24+I24) -> 0 | D24: =D91 -> 0 | E24: =E91 -> 0 | F24: =F91 -> 0 | G24: =G91 -> 0 | H24: =SUM(F24+G24) -> 0 | I24: =SUM(E24+H24) -> 0
A25: F. TRANSPORTATION | C25: =SUM(D25+I25) -> 0 | D25: =D98 -> 0 | E25: =E98 -> 0 | F25: =F98 -> 0 | G25: =G98 -> 0 | H25: =SUM(F25+G25) -> 0 | I25: =SUM(E25+H25) -> 0
A26: G. INDIRECT COSTS | C26: =SUM(D26+I26) -> 0 | D26: =D100 -> 0 | E26: =E100 -> 0 | F26: =F100 -> 0 | G26: =G100 -> 0 | H26: =SUM(F26+G26) -> 0 | I26: =SUM(E26+H26) -> 0
A27: G1. COUNTY ADMINISTRATION | C27: =SUM(D27+I27) -> 0 | F27: =F102 -> 0 | H27: =SUM(F27+G27) -> 0 | I27: =SUM(E27+H27) -> 0
A28: TOTAL GROSS COSTS | C28: =SUM(C20:C27) -> 0 | D28: =SUM(D20:D27) -> 0 | E28: =SUM(E20:E27) -> 0 | F28: =SUM(F20:F27) -> 0 | G28: =SUM(G20:G27) -> 0 | H28: =SUM(H20:H27) -> 0 | I28: =SUM(I20:I27) -> 0
A29: REVENUES
A30: H. PARTICIPANT FEES | C30: =SUM(D30+I30) -> 0 | H30: =SUM(F30+G30) -> 0 | I30: =SUM(E30+H30) -> 0
A31: I. INSURANCE, MEDICARE, & OTHER THIRD PARTY | C31: =SUM(D31+I31) -> 0 | H31: =SUM(F31+G31) -> 0 | I31: =SUM(E31+H31) -> 0
A32: NET COSTS (GROSS COSTS LESS LINES H,I) | C32: =SUM(D32+I32) -> 0 | D32: =SUM(D28-D30-D31) -> 0 | E32: =SUM(E28-E30-E31) -> 0 | F32: =SUM(F28-F30-F31) -> 0 | G32: =SUM(G28-G30-G31) -> 0 | H32: =SUM(H28-H30-H31) -> 0 | I32: =SUM(E32+H32) -> 0
A33: UNITS OF SERVICE
A34: L. FACE TO FACE VISITS (NALTREXONE ONLY) | C34: =SUM(D34+I34) -> 0 | H34: =SUM(F34+G34) -> 0 | I34: =SUM(E34+H34) -> 0
A35: UNIT OF SERVICE INFORMATION
A36: M1. NTP - Methadone Doses | C36: =SUM(D36+I36) -> 0 | H36: =SUM(F36+G36) -> 0 | I36: =SUM(E36+H36) -> 0
A37: M3. NTP - LAAM Doses | C37: =SUM(D37+I37) -> 0 | H37: =SUM(F37+G37) -> 0 | I37: =SUM(E37+H37) -> 0
A38: M5. NTP - Individual Counseling 10 minute units | C38: =SUM(D38+I38) -> 0 | H38: =SUM(F38+G38) -> 0 | I38: =SUM(E38+H38) -> 0
A39: M6. NTP - Group Counseling 10 minute units | C39: =SUM(D39+I39) -> 0 | H39: =SUM(F39+G39) -> 0 | I39: =SUM(E39+H39) -> 0
A40: T. COST PER UNIT OF SERVICE (UNITS) (NALTREXONE ONLY)
A43: DETAIL
C45: TOTAL | E45: PRIVATE | G45: Non DMC / PUBLIC | H45: TOTAL MC/ | I45: TOTAL
A46: CATEGORIES | C46: PROGRAM | D46: DETOX | E46: PAY | F46: MEDI-CAL | G46: FUNDED | H46: Non DMC / PUBLIC | I46: MAINTENANCE
A47: PERSONNEL SERVICES
A48: Salaries & Wages | C48: =SUM(D48+I48) -> 0 | H48: =SUM(F48+G48) -> 0 | I48: =SUM(E48+H48) -> 0
A49: Employee Benefits | C49: =SUM(D49+I49) -> 0 | H49: =SUM(F49+G49) -> 0 | I49: =SUM(E49+H49) -> 0
A50: TOTAL PERSONNEL SERVICES | C50: =C48+C49 -> 0 | D50: =D48+D49 -> 0 | E50: =E48+E49 -> 0 | F50: =F48+F49 -> 0 | G50: =G48+G49 -> 0 | H50: =H48+H49 -> 0 | I50: =I48+I49 -> 0
A51: DIRECT SERVICES
A52: Clothing & Personal Supplies | C52: =SUM(D52+I52) -> 0 | H52: =SUM(F52+G52) -> 0 | I52: =SUM(E52+H52) -> 0
A53: Food | C53: =SUM(D53+I53) -> 0 | H53: =SUM(F53+G53) -> 0 | I53: =SUM(E53+H53) -> 0
A54: Laundry Services & Supplies | C54: =SUM(D54+I54) -> 0 | H54: =SUM(F54+G54) -> 0 | I54: =SUM(E54+H54) -> 0
A55: Pharmaceutical | C55: =SUM(D55+I55) -> 0 | H55: =SUM(F55+G55) -> 0 | I55: =SUM(E55+H55) -> 0
A56: Other (Specify) | C56: =SUM(D56+I56) -> 0 | H56: =SUM(F56+G56) -> 0 | I56: =SUM(E56+H56) -> 0
C57: =SUM(D57+I57) -> 0 | H57: =SUM(F57+G57) -> 0 | I57: =SUM(E57+H57) -> 0
C58: =SUM(D58+I58) -> 0 | H58: =SUM(F58+G58) -> 0 | I58: =SUM(E58+H58) -> 0
A59: SUBTOTAL DIRECT SERVICES | C59: =SUM(C52:C58) -> 0 | D59: =SUM(D52:D58) -> 0 | E59: =SUM(E52:E58) -> 0 | F59: =SUM(F52:F58) -> 0 | G59: =SUM(G52:G58) -> 0 | H59: =SUM(H52:H58) -> 0 | I59: =SUM(I52:I58) -> 0
A60: EQUIPMENT, MATERIALS & SUPPLIES
A61: Depreciation-Equipment | C61: =SUM(D61+I61) -> 0 | H61: =SUM(F61+G61) -> 0 | I61: =SUM(E61+H61) -> 0
A62: Maintenance-Equipment | C62: =SUM(D62+I62) -> 0 | H62: =SUM(F62+G62) -> 0 | I62: =SUM(E62+H62) -> 0
A63: Medical, Dental, and Labratory Supplies | C63: =SUM(D63+I63) -> 0 | H63: =SUM(F63+G63) -> 0 | I63: =SUM(E63+H63) -> 0
A64: Membership Dues | C64: =SUM(D64+I64) -> 0 | H64: =SUM(F64+G64) -> 0 | I64: =SUM(E64+H64) -> 0
A65: Rents & Leases Equipment | C65: =SUM(D65+I65) -> 0 | H65: =SUM(F65+G65) -> 0 | I65: =SUM(E65+H65) -> 0
A66: Small Tools & Instruments | C66: =SUM(D66+I66) -> 0 | H66: =SUM(F66+G66) -> 0 | I66: =SUM(E66+H66) -> 0
A67: Training | C67: =SUM(D67+I67) -> 0 | H67: =SUM(F67+G67) -> 0 | I67: =SUM(E67+H67) -> 0
A68: Other (Specify) | C68: =SUM(D68+I68) -> 0 | H68: =SUM(F68+G68) -> 0 | I68: =SUM(E68+H68) -> 0
C69: =SUM(D69+I69) -> 0 | H69: =SUM(F69+G69) -> 0 | I69: =SUM(E69+H69) -> 0
C70: =SUM(D70+I70) -> 0 | H70: =SUM(F70+G70) -> 0 | I70: =SUM(E70+H70) -> 0
A71: SUBTOTAL EQUIPMENT, MATERIALS & SUPPLIES | C71: =SUM(C61:C70) -> 0 | D71: =SUM(D61:D70) -> 0 | E71: =SUM(E61:E70) -> 0 | F71: =SUM(F61:F70) -> 0 | G71: =SUM(G61:G70) -> 0 | H71: =SUM(H61:H70) -> 0 | I71: =SUM(I61:I70) -> 0
A72: OTHER OPERATING EXPENSES
A73: Communications | C73: =SUM(D73+I73) -> 0 | H73: =SUM(F73+G73) -> 0 | I73: =SUM(E73+H73) -> 0
A74: Depreciation-Structures & Improvements | C74: =SUM(D74+I74) -> 0 | H74: =SUM(F74+G74) -> 0 | I74: =SUM(E74+H74) -> 0
A75: Household Expenses | C75: =SUM(D75+I75) -> 0 | H75: =SUM(F75+G75) -> 0 | I75: =SUM(E75+H75) -> 0
A76: Insurance | C76: =SUM(D76+I76) -> 0 | H76: =SUM(F76+G76) -> 0 | I76: =SUM(E76+H76) -> 0
A77: Interest Expense | C77: =SUM(D77+I77) -> 0 | H77: =SUM(F77+G77) -> 0 | I77: =SUM(E77+H77) -> 0
A78: Leased Property Maintenance, Structures Improvements & Grounds | C78: =SUM(D78+I78) -> 0 | H78: =SUM(F78+G78) -> 0 | I78: =SUM(E78+H78) -> 0
A79: Maintenance-Structures, Improvements & Grounds | C79: =SUM(D79+I79) -> 0 | H79: =SUM(F79+G79) -> 0 | I79: =SUM(E79+H79) -> 0
A80: Miscellaneous Expense | C80: =SUM(D80+I80) -> 0 | H80: =SUM(F80+G80) -> 0 | I80: =SUM(E80+H80) -> 0
A81: Office Expense | C81: =SUM(D81+I81) -> 0 | H81: =SUM(F81+G81) -> 0 | I81: =SUM(E81+H81) -> 0
A82: Publications and Legal Notices | C82: =SUM(D82+I82) -> 0 | H82: =SUM(F82+G82) -> 0 | I82: =SUM(E82+H82) -> 0
A83: Rents & Leases-Land, Structures & Improvements | C83: =SUM(D83+I83) -> 0 | H83: =SUM(F83+G83) -> 0 | I83: =SUM(E83+H83) -> 0
A84: Taxes & Licenses | C84: =SUM(D84+I84) -> 0 | H84: =SUM(F84+G84) -> 0 | I84: =SUM(E84+H84) -> 0
... A87: Other (Specify) | C87: =SUM(D87+I87) -> 0 | H87: =SUM(F87+G87) -> 0 | I87: =SUM(E87+H87) -> 0
C88: =SUM(D88+I88) -> 0 | H88: =SUM(F88+G88) -> 0 | I88: =SUM(E88+H88) -> 0
C89: =SUM(D89+I89) -> 0 | H89: =SUM(F89+G89) -> 0 | I89: =SUM(E89+H89) -> 0
A90: SUBTOTAL OTHER OPERATING EXPENSES | C90: =SUM(C73:C89) -> 0 | D90: =SUM(D73:D89) -> 0 | E90: =SUM(E73:E89) -> 0 | F90: =SUM(F73:F89) -> 0 | G90: =SUM(G73:G89) -> 0 | H90: =SUM(H73:H89) -> 0 | I90: =SUM(I73:I89) -> 0
A91: PROFESSIONAL & SPECIAL SERVICES | C91: =SUM(D91+I91) -> 0 | H91: =SUM(F91+G91) -> 0 | I91: =SUM(E91+H91) -> 0
A92: TRANSPORTATION
A93: Transportation | C93: =SUM(D93+I93) -> 0 | H93: =SUM(F93+G93) -> 0 | I93: =SUM(E93+H93) -> 0
A94: Travel | C94: =SUM(D94+I94) -> 0 | H94: =SUM(F94+G94) -> 0 | I94: =SUM(E94+H94) -> 0
A95: Gas, Oil, & Maintenance - Vehicles | C95: =SUM(D95+I95) -> 0 | H95: =SUM(F95+G95) -> 0 | I95: =SUM(E95+H95) -> 0
A96: Rents & Leases-Vehicles | C96: =SUM(D96+I96) -> 0 | H96: =SUM(F96+G96) -> 0 | I96: =SUM(E96+H96) -> 0
A97: Depreciation-Vehicles | C97: =SUM(D97+I97) -> 0 | H97: =SUM(F97+G97) -> 0 | I97: =SUM(E97+H97) -> 0
A98: SUBTOTAL TRANSPORTATION | C98: =SUM(C93:C97) -> 0 | D98: =SUM(D93:D97) -> 0 | E98: =SUM(E93:E97) -> 0 | F98: =SUM(F93:F97) -> 0 | G98: =SUM(G93:G97) -> 0 | H98: =SUM(H93:H97) -> 0 | I98: =SUM(I93:I97) -> 0
A99: TOTAL NONPERSONNEL | C99: =C59+C71+C90+C91+C98 -> 0 | D99: =D59+D71+D90+D91+D98 -> 0 | E99: =E59+E71+E90+E91+E98 -> 0 | F99: =F59+F71+F90+F91+F98 -> 0 | G99: =G59+G71+G90+G91+G98 -> 0 | H99: =H59+H71+H90+H91+H98 -> 0 | I99: =I59+I71+I90+I91+I98 -> 0
A100: Indirect Costs | C100: =SUM(D100+I100) -> 0 | H100: =SUM(F100+G100) -> 0 | I100: =SUM(E100+H100) -> 0
A101: PROVIDER TOTAL | C101: =SUM(C50+C99+C100) -> 0 | D101: =SUM(D50+D99+D100) -> 0 | E101: =SUM(E50+E99+E100) -> 0 | F101: =SUM(F50+F99+F100) -> 0 | G101: =SUM(G50+G99+G100) -> 0 | H101: =SUM(H50+H99+H100) -> 0 | I101: =SUM(I50+I99+I100) -> 0
A102: DMC COUNTY ADMINISTRATION TOTAL | C102: =SUM(D102+I102) -> 0 | H102: =SUM(F102+G102) -> 0 | I102: =SUM(E102+H102) -> 0
A103: OVERALL TOTAL | C103: =C101+C102 -> 0 | D103: =D101+D102 -> 0 | E103: =E101+E102 -> 0 | F103: =F101+F102 -> 0 | G103: =G101+G102 -> 0 | H103: =H101+H102 -> 0 | I103: =I101+I102 -> 0

Sheet 7990NTP-AD
A1: COUNTY: | F1: DEPARTMENT OF HEALTH CARE SERVICES
A2: PROVIDER: | F2: DRUG MEDI-CAL FISCAL DETAIL
A3: DMC #: | F3: NARCOTIC TREATMENT PROGRAM
A4: CADDS #: | F4: DRUG MEDI-CAL PROGRAM COST SUMMARY
F5: County Contract Submission
F6: Perinatal Services
F7: ='7895NTP-AD-C'!A5 -> FY 2012-13
A8: UNIT OF SERVICE RATE | B8: Provider Rate | C8: Admin. Rate | D8: Total Daily Rate
A9: Daily Dose - Methadone | B9: 11.86 | C9: 1.19 | D9: =SUM(B9:C9) -> 13.05
A10: Individual Counseling @ 10 min. | B10: 18.53 | C10: 1.86 | D10: =SUM(B10:C10) -> 20.39
A11: Group Counseling @ 10 min. | B11: 6.19 | C11: 0.62 | D11: =SUM(B11:C11) -> 6.81
A14: # UNITS OF SERVICE | B14: 0 | C14: Denied UOS ALL | D14: Approved Minor Consent Non-Title XIX | E14: Final UOS
A15: Daily Dose - Methadone | E15: =IF(D15=0,B15-C15,IF(D15>=1,B15-C15)) -> 0
A16: Individual Counseling @ 10 min. | E16: =IF(D16=0,B16-C16,IF(D16>=1,B16-C16)) -> 0
A17: Group Counseling @ 10 min. | E17: =IF(D17=0,B17-C17,IF(D17>=1,B17-C17)) -> 0
A18: Total Units | B18: =SUM(B15:B17) -> 0 | C18: =SUM(C15:C17) -> 0 | D18: =SUM(D15:D17) -> 0 | E18: =SUM(E15:E17) -> 0
A20: TOTAL DOLLAR AMOUNT | B20: Provider Reimb. | C20: Admin. Reimb. | D20: Total Reimb. | G20: Total Program - Meth. Units
A21: Daily Dose - Methadone | B21: =B9*$E15 -> 0 | C21: =C9*SUM(E15) -> 0 | D21: =SUM(B21:C21) -> 0
A22: Individual Counseling @ 10 min. | B22: =B10*$E16 -> 0 | C22: =C10*$E16 -> 0 | D22: =SUM(B22:C22) -> 0
A23: Group Counseling @ 10 min. | B23: =B11*$E17 -> 0 | C23: =C11*$E17 -> 0 | D23: =SUM(B23:C23) -> 0
A24: TOTAL | B24: =SUM(B21:B23) -> 0 | C24: =SUM(C21:C23) -> 0 | D24: =SUM(D21:D23) -> 0
A26: FINAL DOLLAR AMOUNT | B26: Final UOS | C26: Final Amount | D26: Federal Share | E26: County Share | G26: Data Entry
A27: July thru June, Title XIX | F27: Reg DMC | G27: =IF(SUM(E18-D18)=SUM(B28:B30),"OKAY","Error") -> OKAY
A28: Daily Dose - Methadone | B28: =IF(E15>0,E15-D15,0) -> 0 | C28: =B28*D9 -> 0 | D28: =C28-E28 -> 0 | E28: =C28*0.5 -> 0 | F28: Minor Consent | G28: =IF(D18=SUM(B36:B38),"OKAY","Error") -> OKAY
A29: Individual Counseling @ 10 min. | B29: =E16-B37 -> 0 | C29: =B29*D10 -> 0 | D29: =C29-E29 -> 0 | E29: =C29*0.5 -> 0 | F29: Reimbursement | G29: =IF(C43=D24,"OKAY","Error") -> OKAY
A30: Group Counseling @ 10 min. | B30: =E17-B38 -> 0 | C30: =B30*D11 -> 0 | D30: =C30-E30 -> 0 | E30: =C30*0.5 -> 0 | F30: Net Reimbursement | G30: =IF(SUM(C48+1-1)=C43-SUM(C44+C45+C46+C47),"OKAY","Error") -> OKAY
A31: October thru June
A32: Daily Dose - Methadone | B32: =#REF! -> #REF! | C32: =SUM(#REF!) -> #REF!
A33: Individual Counseling @ 10 min. | B33: =#REF! -> #REF! | C33: =SUM(#REF!) -> #REF!
A34: Group Counseling @ 10 min. | B34: =#REF! -> #REF! | C34: =SUM(#REF!) -> #REF!
A35: July thru June (Non-Title XIX Minor)
A36: Daily Dose - Methadone | B36: =D15 -> 0 | C36: =SUM(B36*D9) -> 0 | E36: =C36 -> 0
A37: Individual Counseling @ 10 min. | B37: =D16 -> 0 | C37: =SUM(B37*D10) -> 0 | E37: =C37 -> 0
A38: Group Counseling @ 10 min. | B38: =D17 -> 0 | C38: =SUM(B38*D11) -> 0 | E38: =C38 -> 0
A39: July thru June (Non-Title XIX Other)
A40: Daily Dose - Methadone | B40: =#REF! -> #REF! | C40: =SUM(#REF!) -> #REF!
A41: Individual Counseling @ 10 min. | B41: =#REF! -> #REF! | C41: =SUM(#REF!) -> #REF!
A42: Group Counseling @ 10 min. | B42: =#REF! -> #REF! | C42: =SUM(#REF!) -> #REF!
A43: GRAND TOTAL | C43: =SUM(C28:C30,C36:C38) -> 0 | D43: =D28+D29+D30 -> 0 | E43: =E28+E29+E30+E36+E37+E38 -> 0
A44: Share of Costs- Title XIX | D44: =C44-E44 -> 0 | E44: =C44*0.5 -> 0
A45: Share of Costs- non-Title XIX (Minor Consent) | E45: =C45 -> 0
A46: Insurance -Title XIX | D46: =C46-E46 -> 0 | E46: =C46*0.5 -> 0
A47: Insurance - non-Title XIX (Minor Consent) | E47: =C47 -> 0
A48: NET DOLLAR AMOUNT | C48: =IF(C43>SUM(C44+C46),C43-C44-C45-C46-C47,0) -> 0 | D48: =D43-D44-D46 -> 0 | E48: =E43-E44-E45-E46-E47 -> 0
